 Dungeon Crawl Stone Soup version 0.31.0-9-g3a7656b989 (webtiles) character file.

Game seed: 7510963039811738846

983 qw the Skirmisher (level 7, 0/40 HPs)
             Began as a Deep Elf Hunter on Feb 2, 2024.
             Slain by a sleepcap (4 damage)
             ... on level 6 of the Dungeon.
             The game lasted 00:00:17 (4343 turns).

qw the Skirmisher (Deep Elf Hunter)                 Turns: 4343, Time: 00:00:17

Health: 0/40       AC:  6    Str: 10    XL:     7   Next: 96%
Magic:  9/9        EV: 11    Int: 14    God:
Gold:   17         SH:  0    Dex: 18    Spells: 6/6 levels left

rFire   + . .        a - +0 shortbow
rCold   . . .        (shield currently unavailable)
rNeg    . . .        h - +0 ring mail
rPois   .            (no helmet)
rElec   .            (no cloak)
rCorr   .            (no gloves)
SInv    .            g - +0 pair of boots
Will    .....        i - amulet of faith
Stlth   +            b - ring of protection from fire
HPRegen 0.26/turn    (no ring)
MPRegen 0.11/turn

%: faith
@: about to teleport
A: no striking features
a: no special abilities


You were on level 6 of the Dungeon.
You visited 1 branch of the dungeon, and saw 6 of its levels.

You collected 179 gold pieces.
You spent 162 gold pieces at shops.


   Skills:
 + Level 2.5 Fighting
 - Level 12.2 Ranged Weapons
 - Level 1.0 Armour
 - Level 3.0 Dodging
 - Level 1.2 Stealth


You had 6 spell levels left.
You didn't know any spells.
Your spell library was empty.

Inventory:

Hand Weapons
 a - a +0 shortbow (weapon)
Armour
 g - a +0 pair of boots (worn)
 h - a +0 ring mail (worn)
Jewellery
 b - a ring of protection from fire (left hand)
 i - an amulet of faith (around neck)
Wands
 l - a wand of flame (12)
 n - a wand of polymorph (5)
Potions
 c - a potion of might
 f - 2 potions of curing
 j - a potion of mutation
 k - a potion of attraction {unknown}

Dungeon Overview and Level Annotations

Branches:
Dungeon (6/15)
 Temple: D:4-7

Altars:
Gozag
Qazlal
Trog
Wu Jian

Shops:
D:3 ?   D:5 ?

Annotations:
D:3 3 runed translucent doors, Crazy Yiuf; qw's ghost, amateur DEHu
D:5 3 runed translucent doors, qw's ghost, novice SpHu


Message History

You shoot an arrow. The arrow hits the sleepcap!
The sleepcap is heavily damaged.
The sleepcap releases spores at you.
You shoot an arrow. The arrow hits the sleepcap!
The sleepcap is severely damaged.
The sleepcap closely misses you.
You shoot an arrow. The arrow hits the sleepcap.
The sleepcap is severely damaged.
The sleepcap barely misses you.
You shoot an arrow.
The arrow hits the sleepcap but does no damage.
The sleepcap is severely damaged.
You shoot an arrow. The arrow hits the sleepcap.
The sleepcap is almost destroyed.
The sleepcap releases spores at you.
You are engulfed in a cloud of soporific spores!
You fall asleep.
The sleepcap releases spores at you!!
You wake up.
Ouch! That really hurt!
You are engulfed in a cloud of soporific spores!
You are unaffected.
4340 ||| READING scroll of teleportation.
As you read the scroll of teleportation, it crumbles to dust.
You feel strangely unstable. The sleepcap closely misses you.
You shoot an arrow.
The arrow hits the sleepcap but does no damage.
The sleepcap is almost destroyed.
The sleepcap releases spores at you but does no damage.
You shoot an arrow.
The arrow hits the sleepcap but does no damage.
The sleepcap is almost destroyed.
The sleepcap releases spores at you.
You are engulfed in a cloud of soporific spores!
You are unaffected.
You shoot an arrow.
The arrow hits the sleepcap but does no damage.
The sleepcap is almost destroyed.
The sleepcap releases spores at you.
You die...

##.<..####.....
###........... #####
#..#......... #...#
#..#.........
##..<###..##........
#.....##..##.......#
#.....##.###.......#
##......#f#
#.......#
#......@#.#
#......##
#....>..f.# #.....##
#...?.....# ##...##
#.>.......#
#......>..##
#..........#
#..........##
##..........#
#..........##


You could see a sleepcap.

Vanquished Creatures
  Sigmund (D:3)
  A black bear (D:5)
  3 ogres
  A scorpion (D:4)
  A bombardier beetle (D:6)
  A jelly (D:5)
  A hound (D:4)
  2 orc priests
  2 iguanas (D:5)
  2 orc wizards (D:4)
  6 adders
  2 shadow imps (D:5)
  A white imp (D:5)
  2 ufetubi (D:5)
  2 dart slugs
  5 orcs
  2 ball pythons (D:1)
  5 bats
  5 endoplasms
  4 giant cockroaches
  9 goblins
  3 hobgoblins
  6 jackals
  5 quokkas
  3 frilled lizards
  7 kobolds
  4 rats
86 creatures vanquished.

Notes
Turn   | Place    | Note
-------+----------+-------------------------------------------
     0 | D:1      | qw the Deep Elf Hunter began the quest for the Orb.
     0 | D:1      | Reached XP level 1. HP: 12/12 MP: 3/3
     0 | D:1      | 0 ||| qw: Version: 0.3-a-155-g5e7d8dd
     0 | D:1      | 0 ||| qw: Game counter: 1907
     0 | D:1      | 0 ||| qw: Melee chars always use a shield: true
     0 | D:1      | 0 ||| qw: God list: Okawaru
     0 | D:1      | 0 ||| qw: Allow faded altars: false
     0 | D:1      | 0 ||| qw: Do Orc after clearing Dungeon:15 true
     0 | D:1      | 0 ||| qw: Do second Lair branch before Depths: true
     0 | D:1      | 0 ||| qw: Lair rune preference: random
     0 | D:1      | 0 ||| qw: Goals: Normal
     0 | D:1      | 0 ||| PLANNING D:1-11
   217 | D:1      | Reached XP level 2. HP: 16/16 MP: 4/4
   249 | D:1      | Reached skill level 6 in Ranged Weapons
   469 | D:1      | 469 ||| UPGRADING to +0 scale mail.
   479 | D:1      | 479 ||| DROPPING +0 leather armour.
   480 | D:1      | 480 ||| READING scroll labelled VINAEZA ESIBI.
   509 | D:1      | 509 ||| DROPPING scroll of butterflies.
   526 | D:2      | 526 ||| STAIRDANCE
   670 | D:2      | Reached XP level 3. HP: 14/20 MP: 5/5
   862 | D:2      | Reached skill level 7 in Ranged Weapons
  1281 | D:2      | 1281 ||| READING scroll labelled JADUEF KOASA.
  1282 | D:2      | 1282 ||| READING scroll labelled SALINAMUQEG.
  1383 | D:2      | 1383 ||| READING scroll labelled VEINYRCHOTO.
  1383 | D:2      | 1383 ||| IDENTIFYING glowing coppery potion
  1384 | D:2      | 1384 ||| DRINKING 2 white potions.
  1385 | D:2      | 1385 ||| DRINKING 3 viscous brown potions.
  1386 | D:2      | 1386 ||| DROPPING 2 potions of degeneration.
  1446 | D:3      | Found an opulent altar of Gozag.
  1516 | D:3      | Reached XP level 4. HP: 25/25 MP: 6/6
  1546 | D:3      | Found a runed translucent door.
  1547 | D:3      | Noticed Crazy Yiuf
  1685 | D:3      | Noticed Sigmund
  1703 | D:3      | 1703 ||| DRINKING fizzy inky potion.
  1704 | D:3      | Killed Sigmund
  1705 | D:3      | Reached skill level 9 in Ranged Weapons
  1705 | D:3      | Reached XP level 5. HP: 27/29 MP: 7/7
  1834 | D:3      | Found a large runed translucent door.
  1834 | D:3      | Found a large runed translucent door.
  1839 | D:3      | Noticed qw's ghost (amateur DEHu)
  1870 | D:3      | Found Luxzimog's Magic Scroll Boutique.
  1873 | D:3      | 1873 ||| SHOPLISTING scroll of brand weapon (133 gold, have
                  | 125).
  1873 | D:3      | 1873 ||| BUYING scroll of identify (28 gold).
  1873 | D:3      | Bought a scroll of identify for 28 gold pieces
  1873 | D:3      | 1873 ||| BUYING scroll of teleportation (42 gold).
  1873 | D:3      | Bought a scroll of teleportation for 42 gold pieces
  1873 | D:3      | 1873 ||| BUYING scroll of teleportation (42 gold).
  1873 | D:3      | Bought a scroll of teleportation for 42 gold pieces
  1981 | D:3      | Found an ornate altar of the Wu Jian Council.
  2076 | D:3      | 2076 ||| UPGRADING to +0 ring mail.
  2086 | D:3      | 2086 ||| DROPPING +0 scale mail.
  2087 | D:3      | 2087 ||| UPGRADING to amulet of faith.
  2092 | D:3      | 2092 ||| UPGRADING to ring of protection from fire.
  2093 | D:3      | 2093 ||| READING scroll of identify.
  2093 | D:3      | 2093 ||| IDENTIFYING green potion
  2094 | D:3      | 2094 ||| READING scroll labelled NOSOAW TUAZIX.
  2095 | D:3      | 2095 ||| READING scroll labelled LEOFIODEYQ.
  2096 | D:3      | 2096 ||| DRINKING 2 pink potions.
  2149 | D:3      | 2149 ||| DROPPING potion of lignification.
  2286 | D:4      | 2286 ||| DRINKING potion of curing.
  2286 | D:4      | 2286 ||| (to cure confusion)
  2289 | D:4      | Reached XP level 6. HP: 35/35 MP: 8/8
  2390 | D:4      | Reached skill level 10 in Ranged Weapons
  2488 | D:4      | Reached skill level 3 in Dodging
  2714 | D:4      | Reached XP level 7. HP: 40/40 MP: 9/9
  2975 | D:4      | 2975 ||| UPGRADING to +0 pair of boots.
  3000 | D:5      | Entered Level 5 of the Dungeon
  3162 | D:5      | Reached skill level 1 in Armour
  3170 | D:5      | Found a bloodstained altar of Trog.
  3247 | D:5      | HP: 5/40 [ogre/+0 giant club (14)]
  3248 | D:5      | 3248 ||| READING 2 scrolls of teleportation.
  3249 | D:5      | 3249 ||| DRINKING potion of heal wounds.
  3253 | D:5      | Reached skill level 11 in Ranged Weapons
  3346 | D:5      | Found Xuguimp's Magic Scroll Shop.
  3361 | D:5      | 3361 ||| SHOPLISTING scroll of enchant armour (75 gold,
                  | have 55).
  3361 | D:5      | 3361 ||| BUYING scroll of identify (20 gold).
  3361 | D:5      | Bought a scroll of identify for 20 gold pieces
  3361 | D:5      | 3361 ||| BUYING scroll of teleportation (30 gold).
  3361 | D:5      | Bought a scroll of teleportation for 30 gold pieces
  3366 | D:5      | Found a runed translucent gate.
  3368 | D:5      | Noticed qw's ghost (novice SpHu)
  3369 | D:5      | Found a runed translucent gate.
  3370 | D:5      | Found a runed translucent gate.
  3408 | D:5      | 3408 ||| FLEEEEING.
  3729 | D:5      | HP: 1/40 [ogre/+0 giant spiked club (25)]
  3730 | D:5      | 3730 ||| READING 2 scrolls of teleportation.
  3734 | D:5      | Reached skill level 12 in Ranged Weapons
  4051 | D:5      | 4051 ||| READING scroll of identify.
  4051 | D:5      | 4051 ||| IDENTIFYING fizzy black potion
  4052 | D:5      | 4052 ||| DROPPING potion of ambrosia.
  4118 | D:6      | 4118 ||| FLEEEEING.
  4118 | D:6      | Found a stormy altar of Qazlal.
  4120 | D:6      | 4120 ||| FLEEEEING.
  4121 | D:6      | 4121 ||| FLEEEEING.
  4122 | D:6      | 4122 ||| FLEEEEING.
  4123 | D:6      | 4123 ||| FLEEEEING.
  4124 | D:6      | 4124 ||| FLEEEEING.
  4125 | D:6      | 4125 ||| STAIRDANCE
  4168 | D:5      | 4168 ||| READING scroll of identify.
  4168 | D:5      | 4168 ||| IDENTIFYING bubbling cyan potion
  4171 | D:6      | 4171 ||| STAIRDANCE
  4215 | D:6      | 4215 ||| STAIRDANCE
  4317 | D:6      | 4317 ||| FLEEEEING.
  4318 | D:6      | 4318 ||| FLEEEEING.
  4319 | D:6      | 4319 ||| FLEEEEING.
  4320 | D:6      | 4320 ||| FLEEEEING.
  4321 | D:6      | 4321 ||| FLEEEEING.
  4322 | D:6      | 4322 ||| FLEEEEING.
  4323 | D:6      | 4323 ||| FLEEEEING.
  4324 | D:6      | 4324 ||| FLEEEEING.
  4325 | D:6      | 4325 ||| FLEEEEING.
  4326 | D:6      | 4326 ||| FLEEEEING.
  4327 | D:6      | 4327 ||| FLEEEEING.
  4339 | D:6      | HP: 4/40 [sleepcap (20)]
  4340 | D:6      | 4340 ||| READING scroll of teleportation.
  4343 | D:6      | Slain by a sleepcap

Levels and vault maps discovered:
D:1:      nzn_arrival_depleted_hourglass, layout_basic,
          minmay_misc_feat_encased, fountainhead
D:2:      layout_loops_ring
D:3:      layout_basic, lemuel_crystal_altar,
          nicolae_wu_jian_immortal_techniques, serial_shops,
          nicolae_shop_tiny_real_fake_doors, ebering_ghost_disaster_area,
          uniq_crazy_yiuf_cottage, uniq_sigmund
D:4:      layout_basic
D:5:      layout_basic, mainiacjoe_overflow_24_doors,
          gammafunk_ghost_nasty_kobolds, serial_shops, shop
D:6:      layout_cave_pods, overflow_temple_1_default, lemuel_round_altar,
          minmay_temple_entry_nine_rooms, minmay_door_square

Skill      XL: |  1  2  3  4  5  6  7 |
---------------+----------------------+-----
Ranged Weapons | 6 7 9 10 12 | 12.2
Fighting       | 2 |  2.5
Dodging        | 3 |  3.0
Armour         | 1 |  1.0
Stealth        | |  1.2

Action                     |  1- 3 |  4- 6 |  7- 9 || total
---------------------------+-------+-------+-------++-------
   Fire: Shortbow          |   111 |   118 |   122 ||   351
    Use: Scroll            |     4 |     3 |     5 ||    12
         Potion            |     2 |     3 |     1 ||     6
 Armour: Scale mail        |    58 |    17 |       ||    75
         Leather armour    |     2 |       |       ||     2
         Ring mail         |       |    17 |    48 ||    65
  Dodge: Dodged            |    40 |    26 |    29 ||    95

Table legend:
 A = Non-vault XP
 B = Vault XP
 C = Vault XP percentage of total XP
 D = Non-vault monster count
 E = Vault monster count
 F = Vault count percentage of total count
                 A         B        C        D         E       F
            +---------+---------+-------+---------+---------+-------
      Total |    1182 |     223 |  15.9 |      85 |       1 |   1.2
            +---------+---------+-------+---------+---------+-------
        D:1 |      21 |       0 |   0.0 |      12 |       0 |   0.0
        D:2 |      56 |       0 |   0.0 |      19 |       0 |   0.0
        D:3 |      54 |     223 |  80.5 |      16 |       1 |   5.9
        D:4 |     385 |       0 |   0.0 |      17 |       0 |   0.0
        D:5 |     575 |       0 |   0.0 |      18 |       0 |   0.0
        D:6 |      91 |       0 |   0.0 |       3 |       0 |   0.0
            +---------+---------+-------+---------+---------+-------
